 Dungeon Crawl Stone Soup version 0.29.0-4-gdea44cf6ec (webtiles) character file.

Game seed: 15208808816218857254

21 qw the Chopper (level 2, -2/17 HPs)
             Began as a Tengu Warper on Aug 28, 2022.
             Slain by Natasha (6 damage)
             ... on level 2 of the Dungeon.
             The game lasted 00:00:05 (1055 turns).

qw the Chopper (Tengu Warper)                       Turns: 1055, Time: 00:00:05

Health: -2/17      AC:  3    Str: 11    XL:     2   Next: 83%
Magic:  6/6        EV: 11    Int: 13    God:
Gold:   9          SH:  0    Dex: 13    Spells: 5/5 levels left

rFire   . . .      SeeInvis .   Y - +0 hand axe
rCold   . . .      Faith    .   (no shield)
rNeg    . . .      Spirit   .   b - +0 leather armour
rPois   .          Reflect  .   (helmet restricted)
rElec   .          Harm     .   (no cloak)
rCorr   .          Rampage  .   (no gloves)
Will    .....                   (boots unavailable)
Stlth   +.........              (no amulet)
HPRegen 0.05/turn               (no ring)
MPRegen 0.10/turn               (no ring)

@: no status effects
A: beak, talons 3
a: no special abilities


You were on level 2 of the Dungeon.
You visited 1 branch of the dungeon, and saw 2 of its levels.

You collected 9 gold pieces.


Innate Abilities, Weirdness & Mutations

You have a beak for a mouth.
You have claws for feet.


   Skills:
 - Level 2.0 Fighting
 + Level 3.6 Axes
 - Level 1.0 Throwing
 - Level 1.1 Armour
 - Level 2.1 Dodging
 - Level 2.0 Spellcasting
 - Level 2.4 Translocations


You had 5 spell levels left.
You didn't know any spells.
Your spell library contained the following spells:

 Spells                   Type           Power      Damage    Failure   Level
 Blink                    Tloc           14%        N/A       19%         2
 Gell's Gravitas          Tloc           7%         N/A       36%         3
 Lesser Beckoning         Tloc           7%         N/A       36%         3
 Teleport Other           Tloc           7%         N/A       36%         3
 Manifold Assault         Tloc           7%         N/A       98%         5

Inventory:

Hand Weapons
 j - a +0 whip
 Y - a +0 hand axe (weapon)
Armour
 b - a +0 leather armour (worn)
Scrolls
 g - a scroll of identify

Dungeon Overview and Level Annotations

Branches:
Dungeon (2/15)

Altars:

Annotations:
D:2 Natasha


Message History

Partly explored, can't reach some places.
972 ||| DROPPING potion of flight.
You drop a potion of flight.
Partly explored, can't reach some places.
973 ||| DROPPING potion of brilliance.
You drop a potion of brilliance.
Partly explored, can't reach some places.
(D) Dungeon
Where to? (* - list waypoints, ? - help)
What level of the Dungeon? (default 1, ? - help)
You see here a scroll of blinking.
There is a large open door here.
There is a stone staircase leading down here.
You climb downwards.
There is a stone staircase leading up here.
Existing waypoints: (2) D:1 Assign waypoint to what number? (0-9, D - delete waypoint) Waypoint 1 assigned to D:2.
A bat comes into view.
Found a stone staircase leading down.
There is a stone staircase leading down here.
Natasha, Servant of Life and Death comes into view.
Natasha hisses angrily.
Natasha casts a spell at you. The magic dart hits you!
Ouch! That really hurt!
Enter note:
1049 ||| Stepping ~*~*~tactically~*~*~ (hiding).
1050 ||| Stepping ~*~*~tactically~*~*~ (hiding).
You start resting.
Natasha is nearby!
Natasha stares at you and mumbles some strange words.
The magic dart hits you. Natasha barely misses you.
You hit Natasha but do no damage. You claw Natasha.
Natasha is moderately wounded.
Natasha closely misses you.
You closely miss Natasha. You claw Natasha, but do no damage.
Natasha is moderately wounded.
Natasha claws you.
You die...

.. . .. #.
..# #. #.# ..
#.# .# # #.#
.#
#.#.###.#####
#.#...@h....#
#....##.....#
###..# .....#
#...## .....#
##.### .....#
#..# .....#
#.## ######
##.# #..#


You could see Natasha.

Vanquished Creatures
  2 dart slugs (D:1)
  An endoplasm (D:1)
  A goblin (D:1)
  A hobgoblin (D:1)
  3 kobolds (D:1)
  2 quokkas (D:1)
  A ball python (D:1)
  4 bats (D:1)
  2 frilled lizards (D:1)
17 creatures vanquished.

Notes
Turn   | Place    | Note
-------+----------+-------------------------------------------
     0 | D:1      | qw the Tengu Warper began the quest for the Orb.
     0 | D:1      | Reached XP level 1. HP: 12/12 MP: 4/4
     0 | D:1      | 0 ||| qw: Version: 0.1-a-89-g26bdef1
     0 | D:1      | 0 ||| qw: Game counter: 2586
     0 | D:1      | 0 ||| qw: Always use a shield: true
     0 | D:1      | 0 ||| qw: God list: Okawaru
     0 | D:1      | 0 ||| qw: Allow faded altars: false
     0 | D:1      | 0 ||| qw: Do Orc after D:15 true
     0 | D:1      | 0 ||| qw: Do second Lair branch before Depths: true
     0 | D:1      | 0 ||| qw: Lair rune preference: random
     0 | D:1      | 0 ||| qw: Plans: Normal
     0 | D:1      | 0 ||| PLANNING D:1-11
    12 | D:1      | Found a faded altar of an unknown god.
   216 | D:1      | Reached XP level 2. HP: 17/17 MP: 6/6
   219 | D:1      | Reached skill level 3 in Axes
   596 | D:1      | 596 ||| DROPPING +0 club.
   950 | D:1      | 950 ||| READING scroll labelled XEIF SIKUAPS.
   957 | D:1      | 957 ||| READING scroll labelled DAOCIS EXAU.
   958 | D:1      | 958 ||| READING 4 scrolls labelled LILAL VANA.
   967 | D:1      | 967 ||| READING 3 scrolls of identify.
   967 | D:1      | 967 ||| IDENTIFYING sedimented grey potion
   968 | D:1      | 968 ||| READING 2 scrolls of identify.
   968 | D:1      | 968 ||| IDENTIFYING red potion
   969 | D:1      | 969 ||| DROPPING scroll of blinking.
   972 | D:1      | 972 ||| DROPPING potion of flight.
   973 | D:1      | 973 ||| DROPPING potion of brilliance.
  1048 | D:2      | Noticed Natasha
  1049 | D:2      | 1049 ||| Stepping ~*~*~tactically~*~*~ (hiding).
  1050 | D:2      | 1050 ||| Stepping ~*~*~tactically~*~*~ (hiding).
  1052 | D:2      | HP: 4/17 [Natasha/magic dart (4)]
  1055 | D:2      | Slain by Natasha

Levels and vault maps discovered:
D:1:      lightli_molten_gateway, layout_rooms, serial_curves, eino_curves_01,
          eino_curves_03, ebering_ecumenical_altar_mist
D:2:      layout_basic, kennysheep_generic_room_11, uniq_natasha

Skill      XL: |  1  2 |
---------------+-------+-----
Axes           | 3 |  3.6
Fighting       | |  2.0
Throwing       | |  1.0
Armour         | |  1.1
Dodging        | |  2.1
Spellcasting   | |  2.0
Translocations | |  2.4

Action                   || total
-------------------------++-------
Melee: Hand axe          ||    32
       Kick              ||     9
       Peck              ||     6
Throw: Boomerang         ||     7
  Use: Scroll            ||     5
Armor: Leather armour    ||     5
Dodge: Dodged            ||    10

Table legend:
 A = Non-vault XP
 B = Vault XP
 C = Vault XP percentage of total XP
 D = Non-vault monster count
 E = Vault monster count
 F = Vault count percentage of total count
                 A         B        C        D         E       F
            +---------+---------+-------+---------+---------+-------
      Total |      30 |       0 |   0.0 |      17 |       0 |   0.0
            +---------+---------+-------+---------+---------+-------
        D:1 |      30 |       0 |   0.0 |      17 |       0 |   0.0
            +---------+---------+-------+---------+---------+-------
